 Dungeon Crawl Stone Soup version 0.15-a0-1471-g7d01089 (webtiles) character file.

237 Chiseanne the Covert (level 6, -3/41 HPs)
             Began as an Octopode Assassin on June 12, 2014.
             Slain by a kobold (4 damage)
             ... on Level 4 of the Dungeon.
             The game lasted 00:12:24 (3432 turns).

Chiseanne the Covert (Octopode Assassin)            Turns: 3432, Time: 00:12:24

HP  -3/41        AC  1     Str 10      XL: 6   Next:  6%
MP   6/6         EV 13     Int 14      God:
Gold 193         SH  0     Dex 15      Spells:  0 memorised,  5 levels left

rFire  . . .     SeeInvis .     a - +2,+0 dagger (venom)
rCold  . . .     Clarity  .     (no shield)
rNeg   . . .     rCorr    .     (helmet restricted)
rPois  .         rRot     .     y - amulet of rage
rElec  .         Spirit   .     (no ring)
SustAb .         Warding  .     (no ring)
rMut   .         Stasis   .     (no ring)
Gourm  .                        (no ring)
MR     .....                    (no ring)
                                (no ring)
                                (no ring)
                                (no ring)

@: not resistant to hostile enchantments, quite stealthy
A: almost no armour, amphibious, 8 rings, constrict 8, camouflage 1, gelatinous
body 1
a: Evoke Berserk Rage


You were on level 4 of the Dungeon.
You were hungry.

You visited 1 branch of the dungeon, and saw 4 of its levels.

You collected 193 gold pieces.

Inventory:

Hand weapons
 a - a +2,+0 dagger of venom (weapon)
 s - a +2,+2 dagger
 w - a +0 blowgun
Missiles
 d - 153 arrows
 e - 8 poisoned needles
 f - 2 curare-tipped needles
 j - 6 needles of sleeping
 o - 5 tomahawks (quivered)
 A - 16 sling bullets
 C - 41 bolts
Magical devices
 t - a wand of flame (11) {unknown}
Comestibles
 g - 3 bread rations
 h - a beef jerky
 r - 3 meat rations
Scrolls
 i - a scroll of fog {unknown}
 k - a scroll of noise {unknown}
 m - a scroll of identify {unknown}
 n - 2 scrolls of remove curse {unknown}
 p - 3 scrolls of teleportation {unknown}
 v - 2 scrolls of recharging {unknown}
 x - 2 scrolls of blinking {unknown}
 D - 2 scrolls of fear {unknown}
Jewellery
 y - an amulet of rage (around mantle)
Potions
 b - a potion of brilliance {unknown}
 c - 3 potions of degeneration {unknown}
 l - 2 potions of heal wounds {unknown}
 q - 2 potions of curing {unknown}
 u - a potion of poison {unknown}
 z - a potion of mutation {unknown}
 B - a potion of restore abilities {unknown}
 E - a potion of resistance {unknown}
 F - a potion of confusion {unknown}


   Skills:
 * Level 2.8 Fighting
 * Level 2.6 Short Blades
 - Level 2.0 Throwing
 * Level 2.5 Dodging
 * Level 8.4 Stealth


You had 5 spell levels left.
You didn't know any spells.

Dungeon Overview and Level Annotations

Branches:
Dungeon (4/15)
 Temple: D:4-7

Altars:
Ashenzari
Elyvilon


Innate Abilities, Weirdness & Mutations

You cannot wear most types of armour.
You are amphibious.
You can wear up to eight rings at the same time.
You can use your tentacles to constrict many enemies at once.
Your skin changes colour to match your surroundings (Stealth).
Your rubbery body absorbs attacks (AC +1).


Message History

The orc wizard gestures at you while chanting.
You resist. The shadow imp gestures at you. Pain shoots through your body!
The iguana skeleton bites you!
* * * LOW HITPOINT WARNING * * *
Drink which item? (? for menu, Esc to quit)
Okay, then.
You hit the orc wizard.
The orc wizard looks even sicker.
The orc wizard is almost dead.
You constrict the orc wizard. The orc hits you with a club.
* * * LOW HITPOINT WARNING * * *
The kobold barely misses you. The orc wizard barely misses you.
You release your grip on the orc wizard.
You kill the orc wizard!
You have reached level 6!
Your experience leads to an increase in your attributes!
Increase (S)trength, (I)ntelligence, or (D)exterity?
You feel agile. The kobold hits you.
You die...

###..........## ##.
##.........#
##.#####........##
##......#.........#
#..................
#.................. #.
##.................
#..###................
#....@Z...............
#...5K................
#.....oo..............
#..............###....
#.............# ##...
#............. #...
#............ #...
........... ...
.........


You could see a shadow imp, 2 orcs, a kobold and an iguana skeleton.

Vanquished Creatures
  A scorpion (D:4)
  An orc wizard (D:4)
  5 adders
  4 worms
  7 giant geckos
  2 oozes (D:1)
  5 orcs
  A ball python (D:2)
  8 bats
  8 giant cockroaches
  12 goblins
  4 hobgoblins
  2 quokkas
  A giant newt (D:3)
  8 jackals
  10 kobolds
  4 rats
83 creatures vanquished.

Notes
Turn   | Place    | Note
--------------------------------------------------------------
     0 | D:1      | Chiseanne, the Octopode Assassin, began the quest for the Orb.
     0 | D:1      | Reached XP level 1. HP: 14/14 MP: 1/1
   392 | D:1      | Reached XP level 2. HP: 14/19 MP: 2/2
   501 | D:1      | Reached skill level 6 in Stealth
  1040 | D:1      | Reached XP level 3. HP: 24/24 MP: 3/3
  1716 | D:2      | Found a white marble altar of Elyvilon.
  1717 | D:2      | Found a shattered altar of Ashenzari.
  1847 | D:2      | Reached XP level 4. HP: 26/29 MP: 4/4
  1850 | D:2      | Reached skill level 7 in Stealth
  2573 | D:3      | Reached XP level 5. HP: 19/35 MP: 5/5
  3156 | D:4      | Reached skill level 8 in Stealth
  3431 | D:4      | HP: 1/35 [orc/club (5)]
  3432 | D:4      | Reached XP level 6. HP: 1/41 MP: 6/6
  3432 | D:4      | Slain by a kobold

Action                   |  1- 3 |  4- 6 || total
-------------------------+-------+-------++-------
Melee: Dagger            |    61 |    92 ||   153
       Unarmed           |    19 |       ||    19
 Fire: Blowgun           |       |     3 ||     3
 Stab: Sleeping          |     9 |    12 ||    21
       Distracted        |       |     1 ||     1
